 Dungeon Crawl Stone Soup version 0.28-b1-25-g9875b3fc8c (webtiles) character file.

Game seed: 15608203908806038782

21 Lathuz the Covered (level 2, 19/19 HPs)
             Began as a Gargoyle Fighter on Feb 3, 2022.
             Was a Follower of Uskayaw.
             Quit the game on level 1 of the Dungeon.
             The game lasted 00:01:48 (1081 turns).

Lathuz the Covered (Gargoyle Fighter)               Turns: 1081, Time: 00:01:48

Health: 19/19      AC:  9    Str: 19    XL:     2   Next: 87%
Magic:  2/2        EV:  9    Int:  8    God:    Uskayaw [*.....]
Gold:   82         SH:  4    Dex:  9    Spells: 1/1 levels left

rFire   . . .      SeeInvis .   a - +0 flail
rCold   . . .      Faith    .   c - +0 buckler
rNeg    + . .      Spirit   .   b - +0 scale mail
rPois   ∞          Reflect  .   (no helmet)
rElec   +          Harm     .   (no cloak)
rCorr   .          Rampage  .   (no gloves)
Will    .....                   (no boots)
Stlth   ..........              (no amulet)
HPRegen 0.06/turn               (no ring)
MPRegen 0.08/turn               (no ring)

@: no status effects
A: sickness immunity, AC +2, negative energy resistance 1, electricity
resistance, torment resistance 1, petrification resistance
a: Renounce Religion, Stomp


You were on level 1 of the Dungeon.
You worshipped Uskayaw.
Uskayaw was noncommittal.
You visited 1 branch of the dungeon, and saw 1 of its levels.

You collected 82 gold pieces.

Inventory:

Hand Weapons
 a - a +0 flail (weapon)
Missiles
 d - 3 boomerangs (quivered)
 f - 3 javelins
 s - 4 stones
Armour
 b - a +0 scale mail (worn)
 c - a +0 buckler (worn)
Potions
 e - a potion of resistance {unknown}
 M - a potion of might


   Skills:
 + Level 3.5 Fighting
 * Level 2.5 Maces & Flails
 + Level 3.5 Armour
 + Level 3.5 Shields


You had one spell level left.
You didn't know any spells.
Your spell library contained the following spells:

 Spells                   Type           Power      Damage    Failure   Level
 Freeze                   Ice            0%         1d3       86%         1
 Frozen Ramparts          Ice            0%         1d2       99%         3
 Hailstorm                Conj/Ice       0%         3d3       100%        4


Dungeon Overview and Level Annotations

Branches:
Dungeon (1/15)

Altars:
Uskayaw


Innate Abilities, Weirdness & Mutations

You are immune to sickness and miasma.
Your stone body is resilient. (AC +2)
You are immune to poison.
You resist negative energy. (rN+)
You are resistant to electric shocks. (rElec)
You are resistant to unholy torment.
You are immune to petrification.


Message History

You hit the hobgoblin.
The hobgoblin is heavily wounded.
You hit the hobgoblin.
You kill the hobgoblin!
You closely miss the goblin. You barely miss the goblin.
You closely miss the goblin. You miss the goblin. You closely miss the goblin.
You hit the goblin.
You kill the goblin!
No target in view!
You see here a +0 dagger.
You see here a +0 dagger.
You now have 32 gold pieces (gained 9).
Found a mace.
You now have 45 gold pieces (gained 13).
You see here a +0 mace.
You now have 60 gold pieces (gained 15).
You see here a +0 robe.
Found a faded altar of an unknown god.
You now have 73 gold pieces (gained 13).
There is a faded altar of an unknown god here.
You cannot tell which god this altar belongs to.
Convert to them anyway?
Uskayaw accepts your prayer! Uskayaw welcomes you!
You can now stomp with the beat.
You now have 82 gold pieces (gained 9).
You see here a +0 mace.
You see here a +0 robe.
You see here a +0 robe.
You see here a +0 mace.
There is a stone staircase leading down here.
There is a staircase leading out of the dungeon here.
Done exploring.
You aren't carrying any pieces of jewellery.
You aren't wearing any rings or amulets.
You aren't carrying any pieces of jewellery.
No target in view!
Are you sure you want to abandon this character and quit the game? (Confirm with "yes".)

#...[)...#.#PPPPPPPPPPPPPP.P.#.
####..##.#.#PPPPPP..<..PP...P#.
#.....#.#PPPP..PPPPP..PPPP#.
#.#####.#PPP.PPP...PPP.PPP#.
#.....#.#PPP.PP.PPP.PP.PPP##
#######.#PP.PP.PP.PP.PP.PP##


#.#PP.P.PP.P.PP.P.PP# #..PP.P.P.PPP.P.P.PP# ##.PP@P.PP.P.PP.P.PP#
#.PP.PP.PP.PP.PP.PP# #############.PPP.PP.PPP.PP.PPP#
..............PPP.PPP...PPP.PPP# ##############PPPP..PPPPP..PPPP#
#PPPPPP.....PPPPPP# ##### #PPPPPPPP.PPPPPPPP# ....# #########.######### ###.#
#..# There were no monsters in sight!

Vanquished Creatures
  A dart slug (D:1)
  2 bats (D:1)
  An endoplasm (D:1)
  3 goblins (D:1)
  3 hobgoblins (D:1)
  4 ball pythons (D:1)
  2 kobolds (D:1)
16 creatures vanquished.

Vanquished Creatures (others)
  5 plants (D:1)
5 creatures vanquished.

Grand Total: 21 creatures vanquished

Notes
Turn   | Place    | Note
-------+----------+-------------------------------------------
     0 | D:1      | Lathuz the Gargoyle Fighter began the quest for the Orb.
     0 | D:1      | Reached XP level 1. HP: 14/14 MP: 1/1
   125 | D:1      | Reached XP level 2. HP: 19/19 MP: 2/2
   781 | D:1      | Found a faded altar of an unknown god.
   790 | D:1      | Prayed at the altar of an unknown god.
   790 | D:1      | Became a worshipper of Uskayaw the Reveller
   790 | D:1      | Reached * piety under Uskayaw
  1081 | D:1      | Quit the game

Illustrated notes

Levels and vault maps discovered:
D:1:      roderic_crop_circles_arrival_small, layout_basic,
          basic_ecumenical_altar, serial_park_tiny_1

Action                   || total
-------------------------++-------
Melee: Flail             ||    36
Throw: Boomerang         ||     6
Armor: Scale mail        ||    20
Dodge: Dodged            ||    16
Block: Buckler           ||     4
